 Dungeon Crawl Stone Soup version 0.30-a0-373-gd37427bb62 (webtiles) character file.

Game seed: 4823120643713694779

10842 funkygono the Thaumaturge (level 11, 0/72 HPs)
             Began as a Demonspawn Fire Elementalist on Nov 24, 2022.
             Was an Initiate of Vehumet.
             Shot with an arrow by a centaur (5 damage)
             ... led by a centaur warrior
             ... on level 11 of the Dungeon.
             The game lasted 00:29:34 (14357 turns).

funkygono the Thaumaturge (DsFE)                   Turns: 14357, Time: 00:29:35

Health: 0/72       AC: 12    Str:  8    XL:     11   Next: 41%
Magic:  4/25       EV: 13    Int: 20    God:    Vehumet [......]
Gold:   448        SH:  0    Dex: 15    Spells: 14/31 levels left

rFire   . . .      SeeInvis .    o - +4 flail (protect)
rCold   . . .      Faith    .    (no shield)
rNeg    . . .      Spirit   .    I - +1 steam dragon scales
rPois   .          Reflect  .    h - +1 helmet
rElec   .          Harm     .    K - +0 cloak
rCorr   .          Rampage  .    (no gloves)
Will    +....                    (boots unavailable)
Stlth   ++........               (no amulet)
HPRegen 0.32/turn                D - ring of wizardry
MPRegen 0.19/turn                v - ring of willpower

@: about to teleport, studying Transmutations
A: hooves 3, yellow scales 2, powered by pain 1, spiny 1
a: Renounce Religion


You were on level 11 of the Dungeon.
You worshipped Vehumet.
Vehumet was noncommittal.
You visited 2 branches of the dungeon, and saw 12 of its levels.
You also visited: Trove and Sewer.

You collected 708 gold pieces.
You spent 260 gold pieces at shops.

Inventory:

Hand Weapons
 b - a +5 long sword of venom
 g - a +3 quarterstaff
 i - a +3 whip of protection
 o - a +4 flail of protection (weapon)
 L - a +2 whip of venom
Armour
 a - a +0 robe
 f - a +0 ring mail
 h - a +1 helmet (worn)
 I - +1 steam dragon scales (worn)
 J - the +4 ring mail of Jesiocw {+Blink Dex+3}
   (You found it on level 7 of the Dungeon)

   Dex:       It affects your dexterity (+3).
   +Blink:    It lets you blink.
 K - a +0 cloak (worn)
 Q - +0 acid dragon scales
Magical Staves
 e - a staff of fire
Jewellery
 l - an amulet of guardian spirit
 n - a ring of protection from cold
 v - a ring of willpower (right hand)
 D - a ring of wizardry (left hand)
 G - a ring of positive energy
 M - a +6 ring of dexterity
 N - an amulet of faith
 R - a ring of poison resistance
Wands
 s - a wand of flame (33)
 t - a wand of digging (5)
 E - a wand of light (13)
 F - a wand of iceblast (3)
 U - a wand of charming (4)
Scrolls
 w - 2 scrolls of enchant armour
 x - 2 scrolls of butterflies
 y - a scroll of fear
 z - 2 scrolls of teleportation
 H - 4 scrolls of poison
 O - 2 scrolls of magic mapping
 P - a scroll of torment
 S - a scroll of blinking
 T - a scroll of brand weapon
Potions
 c - a potion of heal wounds
 d - a potion of attraction
 j - 7 potions of curing
 k - 2 potions of flight
 m - 2 potions of lignification
 p - a potion of mutation
 q - a potion of haste {unknown}
 r - 2 potions of resistance {unknown}
 u - 3 potions of brilliance
 A - a potion of magic
 B - 2 potions of cancellation {unknown}
 C - a potion of degeneration {unknown}
 V - a potion of might {unknown}


   Skills:
 + Level 1.9 Fighting
 + Level 1.4 Maces & Flails
 + Level 3.1 Dodging
 - Level 1.7 Stealth
 + Level 10.7 Spellcasting
 + Level 6.0 Conjurations
 + Level 0.4 Translocations
 + Level 10.0 Fire Magic
 + Level 1.0 Air Magic
 * Level 5.8 Poison Magic


You had 14 spell levels left.
You knew the following spells:

 Your Spells              Type           Power      Damage    Failure   Level
a - Foxfire               Conj/Fire      100%       2x1d9     1%          1
b - Scorch                Fire           100%       2d10      1%          2
c - Kindle Blastsparks    Fire/Tloc/Air  52%        2d14      1%          3
d - Flame Wave            Conj/Fire      42%        2d11      1%          4
e - Olgreb's Toxic Radia  Pois           34%        N/A       2%          4
f - Magic Dart            Conj           100%       1d8       1%          1
g - Momentum Strike       Conj/Tloc      46%        3d9       1%          2

Your spell library contained the following spells:

 Spells                   Type           Power      Damage    Failure   Level
 Sting                    Tmut/Pois      88%        1d7       1%          1
 Poisonous Vapours        Pois/Air       48%        N/A       1%          2
 Inner Flame              Hex/Fire       30%        N/A       1%          3
 Mephitic Cloud           Conj/Pois/Air  27%        N/A       1%          3
 Sticky Flame             Conj/Fire      42%        2d6       1%          4
 Beastly Appendage        Tmut           20%        N/A       2%          1
 Dazzling Flash           Conj/Hex       44%        N/A       2%          3
 Hailstorm                Conj/Ice       22%        3d7       2%          3
 Spider Form              Tmut/Pois      22%        N/A       2%          3
 Call Imp                 Summ           10%        N/A       4%          2
 Ensorcelled Hibernation  Hex/Ice        20%        N/A       4%          2
 Wereblood                Tmut           10%        N/A       4%          2
 Summon Guardian Golem    Hex/Summ       10%        N/A       8%          3
 Starburst                Conj/Fire      21%        6d7       16%         6
 Silence                  Hex/Air        6%         N/A       47%         5
 Agony                    Necr           10%        N/A       54%         5
 Metabolic Englaciation   Hex/Ice        5%         N/A       54%         5
 Orb of Destruction       Conj           17%        9d7       86%         7
 Spellforged Servitor     Conj/Summ      11%        N/A       99%         7


Dungeon Overview and Level Annotations

Branches:
Dungeon (11/15)            Temple (1/1) D:6           Sewer (visited)
   Lair: D:8-11         Orc: D:9-12

Altars:
Ashenzari
Cheibriados
Dithmenos
Fedhas
Gozag
Hepliaklqana
Kikubaaqudgha
Makhleb
Nemelex Xobeh
Okawaru
Qazlal
Ru
Sif Muna
Trog
Uskayaw
Vehumet
Wu Jian
Xom
Yredelemnul

Shops:
D:2 :   D:3 [   D:9 !

Annotations:
D:5 2 transporters, Notanamesir's ghost, novice DrTm


Innate Abilities, Weirdness & Mutations

You have hooves in place of feet.
You are mostly covered in yellow scales. (AC +3)
You sometimes gain a little power by taking damage.
You are partially covered in sharp spines.


Message History

* * * LOW HITPOINT WARNING * * *
Without enough magic to sustain them, the waves of flame dissipate.
The centaur shoots an arrow.
The arrow hits you!
* * * LOW HITPOINT WARNING * * *
You focus on the pain.
You feel your power returning.
The centaur shoots an arrow.
The arrow completely misses you. The centaur warrior hits you.
* * * LOW HITPOINT WARNING * * *
The centaur warrior closely misses you.
The centaur shoots an arrow.
The arrow closely misses you.
The centaur warrior is struck by your spines.
The centaur warrior hits you but does no damage.
The centaur warrior kicks you but does no damage.
Unknown command.
You feel much better.
The centaur wields a +0 shortbow.
The centaur shoots an arrow.
The arrow misses you.
The centaur shoots an arrow.
The arrow misses you. The centaur warrior hits you.
The centaur warrior barely misses you.
As you read the scroll of teleportation, it crumbles to dust.
You feel strangely unstable. The centaur warrior barely misses you.
The centaur warrior kicks you.
* * * LOW HITPOINT WARNING * * *
The centaur shoots an arrow.
The arrow hits you.
* * * LOW HITPOINT WARNING * * *
The centaur shoots an arrow.
The arrow misses you.
The centaur warrior hits you but does no damage.
The centaur warrior kicks you but does no damage.
Casting: Flame Wave (dangerous; 1% risk of failure)
Confirm with . or Enter, or press ? or * to list all spells.
Casting: Flame Wave (dangerous; 1% risk of failure)
Press: ? - help, Dir - look around, f - activate A wave of flame ripples out!
The flame wave engulfs the centaur warrior!
The centaur warrior is severely wounded. (Press . to intensify the flame waves.)
The centaur shoots an arrow.
The arrow hits you!
* * * LOW HITPOINT WARNING * * *
The centaur shoots an arrow.
The arrow hits you but does no damage.
The centaur shoots an arrow.
The arrow hits you.
You die...

...#.. #.#....)>..##....
...#..##....#.##.####.##
##†....#.####..#...#..##
..........#.............
..)................#.#..
.....c...#.........#.#..
$...cc[.###.............
.......c.#........#..#..
...>..#@.#...#....##.#.#
......#..#.###....#....#
##.##......##.....##.###
#..........###...####
.....##.#..## ##....#
..... ###### ##..## ..#.
#### . #


You could see a centaur warrior (very poisoned) and 3 centaurs.

Vanquished Creatures
  2 two-headed ogres
  The ghost of mopl the Covert, a novice OpBr (D:6)
  A deep elf pyromancer (D:10)
  Joseph (D:10)
  A gargoyle (D:10)
  A kobold demonologist (D:9)
  2 trolls
  A hornet (D:8)
  Grinder (D:5)
  2 wraiths
  3 shadows
  5 yaks (D:10)
  3 wyverns
  A vampire (D:10)
  A basilisk (D:10)
  3 steam dragons (D:7)
  2 acid dragons (D:10)
  A water moccasin (D:7)
  5 orc warriors
  A sky beast (D:7)
  An ogre (D:4)
  5 centaurs
  A phantom (D:7)
  2 kobold brigands
  2 gnoll sergeants
  4 bullfrogs
  2 necrophages
  3 scorpions
  2 water moccasin zombies (D:6)
  8 wights
  11 killer bees
  2 howler monkeys
  A bullfrog zombie (D:6)
  2 jellies (D:7)
  3 hounds
  4 orc priests
  Jessica (D:2)
  A gnoll bouda (D:5)
  3 iguanas
  7 orc wizards
  3 killer bee zombies (D:6)
  Robin (D:3)
  A howler monkey zombie (D:6)
  16 gnolls
  11 adders
  A shadow imp (D:6)
  6 white imps
  5 worms
  3 dart slugs
  35 orcs
  17 ball pythons
  10 endoplasms
  9 giant cockroaches
  17 goblins
  5 hobgoblins
  2 jackals (D:4)
  18 kobolds
  4 quokkas
  10 bats
  5 frilled lizards
  6 rats
288 creatures vanquished.

Vanquished Creatures (collateral kills)
  4 foxfires (D:2)
4 creatures vanquished.

Vanquished Creatures (others)
  750 foxfires
  15 plants
765 creatures vanquished.

Grand Total: 1057 creatures vanquished

Notes
Turn   | Place    | Note
-------+----------+-------------------------------------------
     0 | D:1      | funkygono the Demonspawn Fire Elementalist began the quest
                  | for the Orb.
     0 | D:1      | Reached XP level 1. HP: 13/13 MP: 3/3
   198 | D:1      | Gained mutation: You are partially covered in sharp spines.
                  | [demonic ancestry]
   198 | D:1      | Reached XP level 2. HP: 16/19 MP: 0/5
   201 | D:1      | Learned a level 2 spell: Scorch
   599 | D:1      | Found a faded altar of an unknown god.
   819 | D:1      | Reached XP level 3. HP: 24/24 MP: 2/6
   825 | D:1      | Learned a level 3 spell: Kindle Blastsparks
  1182 | D:2      | Found Vukaqek's Book Shop.
  1718 | D:2      | Noticed Jessica
  1723 | D:2      | Killed Jessica
  1724 | D:2      | Gained mutation: You have large cloven feet. [demonic
                  | ancestry]
  1724 | D:2      | Reached XP level 4. HP: 23/31 MP: 1/8
  2680 | D:3      | Found Rokk's Antique Armour Shop.
  2781 | D:3      | Found an ornate altar of the Wu Jian Council.
  2781 | D:3      | Noticed Robin
  2847 | D:3      | Killed Robin
  3466 | D:4      | Reached XP level 5. HP: 36/36 MP: 4/9
  3708 | D:4      | Found a sparkling altar of Nemelex Xobeh.
  3732 | D:4      | Reached skill level 1 in Maces & Flails
  4456 | D:4      | Reached XP level 6. HP: 42/42 MP: 5/11
  5067 | D:4      | Learned a level 4 spell: Flame Wave
  5093 | D:5      | Entered Level 5 of the Dungeon
  5168 | D:5      | Noticed Grinder
  5169 | D:5      | Reached skill level 5 in Spellcasting
  5169 | D:5      | Gained mutation: You have hoof-like feet. [demonic
                  | ancestry]
  5169 | D:5      | Reached XP level 7. HP: 44/47 MP: 4/14
  5532 | D:5      | Found a transporter.
  5562 | D:5      | Reached skill level 5 in Fire Magic
  5764 | D:5      | Killed Grinder
  5765 | D:5      | Reached skill level 1 in Fighting
  5765 | D:5      | Gained mutation: You sometimes gain a little power by
                  | taking damage. [demonic ancestry]
  5765 | D:5      | Reached XP level 8. HP: 54/54 MP: 6/16
  5899 | D:5      | Noticed Notanamesir's ghost (novice DrTm)
  5900 | D:5      | Found a transporter.
  5992 | D:5      | Found a snail-covered altar of Cheibriados.
  6023 | D:5      | Found a sacrificial altar of Ru.
  6307 | D:6      | Found a burning altar of Makhleb.
  6318 | D:6      | Found a glowing drain.
  6375 | Sewer    | Entered a sewer
  7227 | D:6      | Found a basalt altar of Yredelemnul.
  7665 | D:6      | Found a staircase to the Ecumenical Temple.
  7718 | Temple   | Entered the Ecumenical Temple
  7765 | Temple   | Became a worshipper of Vehumet
  8061 | D:6      | Found a runed translucent door.
  8074 | D:6      | Noticed mopl's ghost (novice OpBr)
  8418 | D:6      | Killed mopl's ghost
  8419 | D:6      | Gained mutation: You are partially covered in yellow
                  | scales. (AC +2) [demonic ancestry]
  8419 | D:6      | Reached XP level 9. HP: 59/59 MP: 12/20
  8569 | D:2      | Bought a Young Poisoner's Handbook for 260 gold pieces
  8574 | D:2      | Learned a level 4 spell: Olgreb's Toxic Radiance
  8836 | D:7      | Identified the +4 ring mail of Jesiocw {+Blink Dex+3}
  8928 | D:7      | Reached skill level 1 in Poison Magic
  9361 | D:7      | Reached skill level 1 in Air Magic
  9956 | D:8      | Reached skill level 5 in Conjurations
  9975 | D:8      | Paralysed by a hornet for 1 turns
 10278 | D:8      | Gained mutation: You are mostly covered in yellow scales.
                  | (AC +3) [demonic ancestry]
 10278 | D:8      | Reached XP level 10. HP: 65/65 MP: 17/22
 10701 | D:8      | Found a stormy altar of Qazlal.
 10811 | D:8      | Reached * piety under Vehumet
 10811 | D:8      | Offered knowledge of Magic Dart by Vehumet.
 11679 | D:8      | Learned a level 1 spell: Magic Dart
 12343 | D:9      | Found Myhiptah's Distillery.
 12954 | D:10     | Entered Level 10 of the Dungeon
 12956 | D:10     | Noticed Joseph
 12969 | D:10     | Killed Joseph
 13174 | D:10     | Noticed a two-headed ogre
 13178 | D:10     | Killed a two-headed ogre
 13179 | D:10     | Reached skill level 10 in Spellcasting
 13246 | D:10     | Noticed a deep elf pyromancer
 13251 | D:10     | Killed a deep elf pyromancer
 13252 | D:10     | Reached skill level 5 in Poison Magic
 13252 | D:10     | Gained mutation: You have hooves in place of feet. [demonic
                  | ancestry]
 13252 | D:10     | Reached XP level 11. HP: 71/71 MP: 17/25
 13308 | D:10     | Identified the +10 shortbow of Oney {flame, rC+ Will+}
 13370 | D:10     | Found a hazy altar of Hepliaklqana.
 13411 | D:10     | Reached ** piety under Vehumet
 13411 | D:10     | Offered knowledge of Momentum Strike by Vehumet.
 13754 | D:10     | Identified the +1 ring mail "Pyveduf" {Contam rElec rPois
                  | rN+}
 13855 | D:10     | Learned a level 2 spell: Momentum Strike
 13892 | D:11     | Noticed a two-headed ogre
 13899 | D:11     | Killed a two-headed ogre
 13999 | D:11     | Reached skill level 10 in Fire Magic
 14062 | D:11     | Found a portal to a secret trove of treasure.
 14090 | Trove    | Entered a treasure trove
 14136 | Trove    | Got Sif Muna's Guidebook on the Blistering Winter
 14345 | D:11     | Noticed a centaur warrior
 14354 | D:11     | HP: 3/72 [centaur warrior (6)]
 14357 | D:11     | Shot with an arrow by a centaur

Illustrated notes

Levels and vault maps discovered:
D:1:      dpeg_arrival_stone_temple_mockup, layout_loops_ring,
          shapermc_ecumenical_altar_pompeii, minmay_tetromino_s4
D:2:      layout_loops_ring, serial_forest, infiniplex_forest_clump_double,
          infiniplex_forest_end_2, infiniplex_forest_clump_medium,
          infiniplex_forest_clump_medium, infiniplex_forest_clump_small,
          infiniplex_forest_clump_diagonal, serial_shops, shop_coins,
          uniq_jessica
D:3:      layout_loops_ring, mainiacjoe_overflow_divided_tiny, serial_shops,
          nicolae_shop_trees, uniq_robin
D:4:      layout_basic, mainiacjoe_overflow_24_doors, amethyst_killhole
D:5:      layout_rooms, mainiacjoe_overflow_swirl, gammafunk_ghost_mausoleum,
          uniq_grinder
D:6:      layout_loops_ring, mainiacjoe_overflow_tiny_flanked,
          nicolae_yredelemnul_corpse_copse, minmay_temple_entry_proselytizer,
          gup_sewer_entry_glass, ebering_ghost_reflecting_pool
D:7:      layout_loops_ring
D:8:      layout_layer_cave, kennysheep_mini,
          mainiacjoe_overflow_small_starburst
D:9:      layout_rooms, serial_shops, shop_statue, serial_bayou_pond_a
D:10:     layout_cave_pools, mainiacjoe_overflow_cross_hatched,
          kennysheep_generic_room_5, uniq_joseph
D:11:     layout_cave_pools, lair_entry_dummy, enter_trove_0,
          reono_crystal_passage
Temple:   minmay_temple_bridge_abc

Skill      XL: |  1  2  3  4  5  6  7  8  9 10 11 |
---------------+----------------------------------+-----
Fire Magic     | 3 4 5 7 8 9 10 | 10.0
Dodging        | 2 3 |  3.1
Spellcasting   | 3 5 7 8 10 | 10.7
Conjurations   | 2 3 4 5 6 |  6.0
Maces & Flails | 1 |  1.4
Fighting       | 1 |  1.9
Poison Magic   | 2 5 |  5.8
Air Magic      | 1 |  1.0
Stealth        | |  1.7
Translocations | |  0.4

Action                   |  1- 3 |  4- 6 |  7- 9 | 10-12 || total
-------------------------+-------+-------+-------+-------++-------
Melee: Unarmed           |     9 |       |       |       ||     9
       Whip              |     2 |    18 |     5 |       ||    25
       Flail             |       |       |     7 |     5 ||    12
 Cast: Foxfire           |    61 |    94 |   181 |   128 ||   464
       Scorch            |     2 |    33 |    73 |    56 ||   164
       Kindle Blastspark |       |     1 |     4 |       ||     5
       Flame Wave        |       |       |     6 |     9 ||    15
       Olgreb's Toxic Ra |       |       |       |    14 ||    14
  Use: Scroll            |     3 |    10 |    10 |     7 ||    30
       Potion            |       |       |     3 |     1 ||     4
Armor: Robe              |     7 |    17 |    16 |       ||    40
       Steam dragon scal |       |       |    15 |    32 ||    47
Dodge: Dodged            |    17 |    21 |    56 |    60 ||   154

Table legend: (Time is in decaauts)
 A = Elapsed time spent in this place.
 B = Non-inter-level travel time spent in this place.
 C = Inter-level travel time spent in this place.
 D = Time resting spent in this place.
 E = Time spent auto-exploring this place.
 F = Levels seen in this place.
 G = Mean time per level.
                   A        B        C        D        E       F      G
               +--------+--------+--------+--------+--------+-----+--------+
         Total |  14449 |  13934 |    515 |    522 |  11149 |  14 | 1032.1 |
       Dungeon |  13393 |  12902 |    491 |    522 |  10335 |  11 | 1217.5 |
        Temple |    221 |    198 |     23 |      0 |    183 |   1 |  221.0 |
         Trove |    187 |    187 |      0 |      0 |    132 |   1 |  187.0 |
         Sewer |    646 |    646 |      0 |      0 |    498 |   1 |  646.0 |
               +--------+--------+--------+--------+--------+-----+--------+

Top non-repeatable levels by time:
     D:4: 2091 daAuts
     D:8: 1923 daAuts
     D:6: 1538 daAuts
     D:7: 1251 daAuts
     D:9: 1237 daAuts
     D:3: 1206 daAuts
     D:1: 1119 daAuts
     D:2: 1067 daAuts
     D:5: 853 daAuts
    D:10: 828 daAuts
   Sewer: 646 daAuts
    D:11: 276 daAuts
  Temple: 221 daAuts
   Trove: 187 daAuts
